 Dungeon Crawl Stone Soup version 0.29.0-4-gdea44cf6ec (webtiles) character file.

Game seed: 17342774369354309505

3809 qw the Cleaver (level 10, -8/61 HPs)
             Began as a Gargoyle Delver on Sept 10, 2022.
             Was an Initiate of Okawaru.
             Killed from afar by Erica (15 damage)
             ... with a lance of force
             ... on level 9 of the Dungeon.
             The game lasted 00:03:54 (11033 turns).

qw the Cleaver (Gargoyle Delver)                   Turns: 11033, Time: 00:03:54

Health: -8/61      AC: 24    Str: 24    XL:     10   Next: 17%
Magic:  10/10      EV:  7    Int: 10    God:    Okawaru [......]
Gold:   192        SH: 10    Dex: 10    Spells: 9/9 levels left

rFire   + . .      SeeInvis .   Y - +0 war axe
rCold   . . .      Faith    .   k - +0 kite shield
rNeg    + . .      Spirit   .   d - +3 chain mail {rF+}
rPois   inf        Reflect  .   b - +0 helmet
rElec   +          Harm     .   l - +0 cloak
rCorr   .          Rampage  .   (no gloves)
Will    .....      Clarity  +   (no boots)
Stlth   ..........              (no amulet)
HPRegen 0.20/turn               v - +4 ring of slaying {mikee}
MPRegen 0.12/turn               (no ring)

@: no status effects
A: sickness immunity, AC +7, negative energy resistance 1, electricity
resistance, torment resistance 1, petrification resistance, iridescent scales 1,
clarity, strong 1
a: Renounce Religion


You were on level 9 of the Dungeon.
You worshipped Okawaru.
Okawaru was noncommittal.
You visited 2 branches of the dungeon, and saw 10 of its levels.

You collected 459 gold pieces.
You spent 267 gold pieces at shops.


Innate Abilities, Weirdness & Mutations

You are immune to sickness and miasma.
Your stone body is resilient. (AC +7)
You are immune to poison.
You resist negative energy. (rN+)
You are resistant to electric shocks. (rElec)
You are resistant to unholy torment.
You are immune to petrification.
You are partially covered in iridescent scales. (AC +2)
You possess an exceptional clarity of mind.
Your muscles are strong. (Str +4, Int/Dex -1)


   Skills:
 + Level 6.5 Fighting
 - Level 9.0 Axes
 - Level 2.2 Throwing
 - Level 5.3 Armour
 - Level 1.5 Dodging
 - Level 5.4 Stealth
 - Level 8.0 Shields


You had 9 spell levels left.
You didn't know any spells.
Your spell library was empty.

Inventory:

Hand Weapons
 c - a +0 morningstar
 r - the +5 hand axe of Ru's Displeasure {freeze, rPois rF+ Stlth+}
   (You found it on level 6 of the Dungeon)

   It freezes those it strikes, dealing additional cold damage.
   It can also slow down cold-blooded creatures.
   rF:        It protects you from fire.
   rPois:     It protects you from poison.
   Stlth:     It makes you more stealthy.
 Y - a +0 war axe (weapon)
Missiles
 m - 2 javelins (quivered)
Armour
 a - a +0 plate armour
 b - a +0 helmet (worn)
 d - a +3 chain mail of fire resistance (worn)
 k - a +0 kite shield (worn)
 l - a +0 cloak (worn)
Jewellery
 v - a +4 ring of slaying (left hand) {mikee}
Wands
 g - a wand of digging (3)
Scrolls
 t - 2 scrolls of identify
Potions
 e - a potion of might
 f - a potion of haste
 h - a potion of lignification {unknown}
 i - a potion of ambrosia {unknown}
 j - a potion of magic {unknown}
 n - 2 potions of curing
 p - a potion of cancellation {unknown}
 s - a potion of brilliance {unknown}
 u - 2 potions of heal wounds

Dungeon Overview and Level Annotations

Branches:
Dungeon (9/15)             Temple (1/1) D:7
   Lair: D:8-11         Orc: D:9-12

Altars:
Ashenzari
Cheibriados
Dithmenos
Elyvilon
Fedhas
Gozag
Hepliaklqana
Kikubaaqudgha
Makhleb
Nemelex Xobeh
Okawaru
Qazlal
Ru
Sif Muna
Trog
Vehumet
Wu Jian
Xom
Yredelemnul
The Shining One

Shops:
D:3 (   D:4 *   D:5 !(!:   D:7 [

Annotations:
D:4 1 runed translucent door, qw's ghost, weakling GrDe
D:8 1 runed translucent door, qw's ghost, novice GrBe
D:9 Erica


Message History

The bolt of poison hits you but does no damage.
You resist.
You barely miss something.
You hear some strange, mumbled words.
A lance of force appears from out of thin air!
The lance of force hits you!!
You are knocked back by the lance of force.
You swing at nothing.
You swing at nothing.
You hear some strange, mumbled words.
You feel momentarily confused.
You swing at nothing.
You miss something. Something hits you. Something burns you.
You hear some strange, mumbled words.
A bolt of poison appears from out of thin air!
The bolt of poison misses you.
You closely miss something.
You hear some strange, mumbled words.
Something tries to affect you, but you resist.
You slash something! Something hits you.
You closely miss something. Something hits you!
You closely miss something.
You hear the creaking of a portcullis nearby.
Something hits you but does no damage.
You miss something. Something hits you but does no damage.
You miss something. Something hits you but does no damage.
You miss something. Something hits you. Something burns you.
Something hits you.
You slash something! Something hits you but does no damage.
You slash something!
You hear some strange, mumbled words.
A lance of force appears from out of thin air!
The lance of force hits you!
You die...

##.#.# ....
....###...#
#........<@
##..........
#...........
#..)..#
#.....#
#....{#
#....@#
##...##
##...#
#....#
#....####...
###[........
#....######
####.# #.#


There were no monsters in sight!

Vanquished Creatures
  A shadow (D:6)
  2 wyverns
  A vampire (D:8)
  Edmund (D:4)
  A black bear (D:5)
  A sky beast (D:6)
  4 ice beasts
  7 ogres
  2 phantoms
  A kobold brigand (D:6)
  3 bullfrogs
  A necrophage (D:8)
  3 scorpions
  5 wights (D:8)
  5 killer bees
  3 howler monkeys
  5 orc priests
  6 hounds
  3 jellies
  Jessica (D:3)
  An iguana (D:5)
  4 orc wizards
  Robin (D:2)
  5 adders
  A shadow imp (D:7)
  2 white imps
  A worm (D:4)
  4 dart slugs
  27 orcs
  2 ball pythons
  6 endoplasms
  2 giant cockroaches
  10 goblins
  7 hobgoblins
  8 kobolds
  3 quokkas
  5 bats
  4 frilled lizards
  5 rats
154 creatures vanquished.

Notes
Turn   | Place    | Note
-------+----------+-------------------------------------------
     0 | D:5      | qw the Gargoyle Delver began the quest for the Orb.
     0 | D:5      | Reached XP level 1. HP: 14/14 MP: 1/1
     0 | D:5      | 0 ||| qw: Version: 0.1-a-116-g5d60599
     0 | D:5      | 0 ||| qw: Game counter: 9247
     0 | D:5      | 0 ||| qw: Always use a shield: true
     0 | D:5      | 0 ||| qw: God list: Okawaru
     0 | D:5      | 0 ||| qw: Allow faded altars: false
     0 | D:5      | 0 ||| qw: Do Orc after D:15 true
     0 | D:5      | 0 ||| qw: Do second Lair branch before Depths: true
     0 | D:5      | 0 ||| qw: Lair rune preference: random
     0 | D:5      | 0 ||| qw: Plans: Normal
     0 | D:5      | 0 ||| PLANNING D:1-11
    10 | D:5      | Noticed a hound
    32 | D:5      | HP: 3/14 [hound (2)]
    33 | D:5      | Killed a hound
    34 | D:5      | Reached skill level 3 in Axes
    34 | D:5      | Reached XP level 2. HP: 4/19 MP: 2/2
    34 | D:5      | Reached XP level 3. HP: 5/23 MP: 3/3
   303 | D:5      | 303 ||| DROPPING scroll of fog.
   304 | D:5      | 304 ||| DROPPING scroll of magic mapping.
   305 | D:5      | 305 ||| DROPPING scroll of fear.
   327 | D:4      | Noticed a scorpion
   347 | D:4      | Killed a scorpion
   348 | D:4      | Reached skill level 4 in Axes
   348 | D:4      | Reached XP level 4. HP: 15/28 MP: 4/4
   487 | D:4      | Found Pyxa's Assorted Antiques.
   650 | D:3      | 650 ||| UPGRADING to +3 chain mail of fire resistance.
   660 | D:3      | 660 ||| DROPPING +0 leather armour.
   734 | D:2      | Noticed Robin
   735 | D:2      | 735 ||| Stepping ~*~*~tactically~*~*~ (stealth).
   742 | D:2      | 742 ||| Stepping ~*~*~tactically~*~*~ (stealth).
   752 | D:2      | 752 ||| Stepping ~*~*~tactically~*~*~ (hiding).
   769 | D:2      | Killed Robin
   770 | D:2      | Reached skill level 1 in Armour
   770 | D:2      | Reached XP level 5. HP: 32/32 MP: 5/5
   921 | D:2      | Identified the +7 whip of Zeres {vorpal, +Blink Str+3
                  | Dex+3}
  1295 | D:2      | 1295 ||| UPGRADING to +0 helmet.
  1300 | D:2      | 1300 ||| READING scroll labelled NUUBUCW MONNAL.
  1357 | D:2      | 1357 ||| READING 2 scrolls labelled FUORAFFEYGE.
  1361 | D:2      | 1361 ||| READING scroll labelled XOSOQY TE PAGUI.
  1456 | D:1      | 1456 ||| Stepping ~*~*~tactically~*~*~ (hiding).
  1458 | D:1      | 1458 ||| Stepping ~*~*~tactically~*~*~ (hiding).
  1459 | D:1      | 1459 ||| Stepping ~*~*~tactically~*~*~ (hiding).
  1460 | D:1      | 1460 ||| Stepping ~*~*~tactically~*~*~ (hiding).
  1650 | D:1      | 1650 ||| Stepping ~*~*~tactically~*~*~ (hiding).
  1949 | D:1      | Found a faded altar of an unknown god.
  2436 | D:1      | 2436 ||| UPGRADING to +0 kite shield.
  2441 | D:1      | 2441 ||| UPGRADING to +0 cloak.
  2446 | D:1      | 2446 ||| DRINKING 2 murky silvery potions.
  2855 | D:2      | 2855 ||| UPGRADING to amulet of guardian spirit.
  3076 | D:3      | Noticed Jessica
  3083 | D:3      | Killed Jessica
  3084 | D:3      | Reached skill level 1 in Shields
  3308 | D:3      | Identified the +1 chain mail of Punenl Gotomm {Harm Will-
                  | rCorr MP-9}
  3325 | D:3      | 3325 ||| FLEEEEING.
  3326 | D:3      | 3326 ||| FLEEEEING.
  3327 | D:3      | 3327 ||| FLEEEEING.
  3364 | D:3      | Reached XP level 6. HP: 21/37 MP: 4/6
  3556 | D:3      | Found Fohel's Antique Weapon Emporium.
  3785 | D:3      | 3785 ||| DROPPING +1 chain mail of Punenl Gotomm {Harm
                  | Will- rCorr MP-9}.
  3851 | D:4      | Reached skill level 3 in Shields
  3851 | D:4      | 3851 ||| STAIRDANCE
  3945 | D:4      | 3945 ||| Stepping ~*~*~tactically~*~*~ (stealth).
  3977 | D:4      | HP: 9/37 [ogre/+0 giant club (3)]
  3978 | D:4      | 3978 ||| READING 4 scrolls of teleportation.
  4215 | D:4      | 4215 ||| BUYING bubbling amethyst potion (15 gold).
  4215 | D:4      | Bought a bubbling amethyst potion for 15 gold pieces
  4215 | D:4      | 4215 ||| BUYING glowing scarf (136 gold).
  4215 | D:4      | Bought a glowing scarf for 136 gold pieces
  4215 | D:4      | 4215 ||| BUYING scroll labelled FIMNANUINU (17 gold).
  4215 | D:4      | Bought a scroll labelled FIMNANUINU for 17 gold pieces
  4215 | D:4      | 4215 ||| BUYING silvery potion (15 gold).
  4215 | D:4      | Bought a silvery potion for 15 gold pieces
  4215 | D:4      | 4215 ||| SHOPLISTING wand of digging (5) (357 gold, have
                  | 7).
  4318 | D:4      | Found a runed translucent door.
  4319 | D:4      | 4319 ||| Stepping ~*~*~tactically~*~*~ (hiding).
  4333 | D:4      | 4333 ||| Stepping ~*~*~tactically~*~*~ (stealth).
  4339 | D:4      | Reached XP level 7. HP: 34/41 MP: 7/7
  4576 | D:4      | Noticed qw's ghost (weakling GrDe)
  4614 | D:4      | Noticed Edmund
  4661 | D:4      | Killed Edmund
  4662 | D:4      | Reached skill level 5 in Axes
  4908 | D:4      | Reached skill level 3 in Armour
  5256 | D:4      | 5256 ||| Stepping ~*~*~tactically~*~*~ (stealth).
  5466 | D:4      | 5466 ||| DROPPING scarf of shadows.
  5467 | D:4      | 5467 ||| READING scroll labelled FIMNANUINU.
  5468 | D:4      | 5468 ||| READING scroll labelled MEAXOI DACA.
  5469 | D:4      | 5469 ||| READING scroll labelled LAIZOSISE.
  5570 | D:4      | 5570 ||| DRINKING 2 silvery potions.
  5645 | D:5      | 5645 ||| Stepping ~*~*~tactically~*~*~ (hiding).
  5838 | D:5      | Reached XP level 8. HP: 45/48 MP: 6/8
  5862 | D:5      | Found Pywe's Book Emporium.
  5862 | D:5      | Found Jitei's Antique Weapon Emporium.
  5863 | D:5      | Found Derougonk's Distillery.
  5867 | D:5      | Found Zoelliok's Distillery.
  5874 | D:5      | 5874 ||| BUYING war axe (84 gold).
  5874 | D:5      | Bought a war axe for 84 gold pieces
  5874 | D:5      | 5874 ||| SWAPPING to +0 war axe.
  5875 | D:5      | 5875 ||| DROPPING +0 hand axe.
  5879 | D:5      | 5879 ||| SHOPLISTING potion of haste (110 gold, have 13).
  5879 | D:5      | 5879 ||| SHOPLISTING potion of might (44 gold, have 13).
  5882 | D:5      | 5882 ||| SHOPLISTING 2 potions of haste (200 gold, have
                  | 13).
  5882 | D:5      | 5882 ||| SHOPLISTING potion of curing (30 gold, have 13).
  5882 | D:5      | 5882 ||| SHOPLISTING potion of haste (100 gold, have 13).
  5882 | D:5      | 5882 ||| SHOPLISTING potion of heal wounds (50 gold, have
                  | 13).
  6014 | D:5      | Reached skill level 6 in Axes
  6191 | D:5      | Reached skill level 6 in Shields
  6703 | D:6      | Reached skill level 7 in Axes
  6736 | D:6      | Identified the +5 hand axe of Ru's Displeasure {freeze,
                  | rPois rF+ Stlth+}
  6747 | D:6      | HP: 6/48 [ogre/+0 giant club (19)]
  6747 | D:6      | HP: 1/48 [scorpion (5)]
  6748 | D:6      | 6748 ||| READING 3 scrolls of teleportation.
  6749 | D:6      | 6749 ||| DRINKING 3 potions of heal wounds.
  6933 | D:6      | 6933 ||| Stepping ~*~*~tactically~*~*~ (hiding).
  7131 | D:6      | Found an ornate altar of the Wu Jian Council.
  7139 | D:6      | Identified the +0 scale mail "Wotohach" {+Blink Fly rF+
                  | Int+5 Dex-2}
  7255 | D:6      | HP: 10/49 [bullfrog (4)]
  7256 | D:6      | 7256 ||| READING 2 scrolls of teleportation.
  7257 | D:6      | 7257 ||| DRINKING 2 potions of heal wounds.
  7300 | D:6      | Reached XP level 9. HP: 27/54 MP: 3/9
  7511 | D:6      | 7511 ||| Stepping ~*~*~tactically~*~*~ (stealth).
  7512 | D:6      | Noticed a skeletal warrior
  7513 | D:6      | 7513 ||| Stepping ~*~*~tactically~*~*~ (hiding).
  7520 | D:6      | HP: 11/54 [kobold brigand/+0 dagger (3)]
  7521 | D:6      | 7521 ||| READING scroll of teleportation.
  7522 | D:6      | 7522 ||| DRINKING potion of heal wounds.
  7531 | D:6      | HP: 11/54 [ogre/+0 giant club (8)]
  7663 | D:6      | 7663 ||| FLEEEEING.
  7664 | D:6      | 7664 ||| FLEEEEING.
  7665 | D:6      | 7665 ||| FLEEEEING.
  7666 | D:6      | 7666 ||| FLEEEEING.
  7667 | D:6      | 7667 ||| FLEEEEING.
  7668 | D:6      | 7668 ||| FLEEEEING.
  7669 | D:6      | 7669 ||| FLEEEEING.
  7670 | D:6      | 7670 ||| STAIRDANCE
  8068 | D:6      | 8068 ||| Stepping ~*~*~tactically~*~*~ (stealth).
  8069 | D:6      | 8069 ||| Stepping ~*~*~tactically~*~*~ (stealth).
  8084 | D:6      | Reached skill level 8 in Axes
  8128 | D:6      | 8128 ||| Stepping ~*~*~tactically~*~*~ (stealth).
  8133 | D:6      | 8133 ||| Stepping ~*~*~tactically~*~*~ (stealth).
  8152 | D:6      | 8152 ||| Stepping ~*~*~tactically~*~*~ (stealth).
  8157 | D:6      | 8157 ||| Stepping ~*~*~tactically~*~*~ (hiding).
  8158 | D:6      | 8158 ||| Stepping ~*~*~tactically~*~*~ (stealth).
  8168 | D:6      | 8168 ||| DRINKING 3 potions of curing.
  8168 | D:6      | 8168 ||| (to cure confusion)
  8366 | D:6      | 8366 ||| DROPPING ring of magical power.
  8420 | D:7      | 8420 ||| Stepping ~*~*~tactically~*~*~ (stealth).
  8421 | D:7      | 8421 ||| Stepping ~*~*~tactically~*~*~ (stealth).
  8429 | D:7      | Reached skill level 6 in Fighting
  8466 | D:7      | HP: 13/55 [ice beast (11)]
  8467 | D:7      | 8467 ||| READING scroll of teleportation.
  8471 | D:7      | Found a snail-covered altar of Cheibriados.
  8471 | D:7      | Found Cheibriados's Comfort Zone.
  8573 | D:7      | 8573 ||| Invisible monster not found???
  8688 | D:7      | 8688 ||| SHOPLISTING +3 hat of Pondering {ponderous, Will+
                  | MP+10 Int+5} (495 gold, have 54).
  8737 | D:7      | 8737 ||| Stepping ~*~*~tactically~*~*~ (stealth).
  8739 | D:7      | 8739 ||| Stepping ~*~*~tactically~*~*~ (stealth).
  8742 | D:7      | 8742 ||| Stepping ~*~*~tactically~*~*~ (stealth).
  8779 | D:7      | 8779 ||| FLEEEEING.
  8816 | D:7      | 8816 ||| FLEEEEING.
  8822 | D:7      | 8822 ||| STAIRDANCE
  8824 | D:6      | 8824 ||| Stepping ~*~*~tactically~*~*~ (stealth).
  9085 | D:7      | 9085 ||| Stepping ~*~*~tactically~*~*~ (stealth).
  9093 | D:7      | 9093 ||| Stepping ~*~*~tactically~*~*~ (stealth).
  9097 | D:7      | 9097 ||| Stepping ~*~*~tactically~*~*~ (stealth).
  9174 | D:7      | 9174 ||| Stepping ~*~*~tactically~*~*~ (stealth).
  9177 | D:7      | 9177 ||| Stepping ~*~*~tactically~*~*~ (stealth).
  9179 | D:7      | 9179 ||| Stepping ~*~*~tactically~*~*~ (stealth).
  9199 | D:7      | Found a staircase to the Ecumenical Temple.
  9200 | D:7      | 9200 ||| PLANNING TEMPLE
  9200 | D:7      | 9200 ||| READING 2 scrolls labelled HOEFIRHUTSO.
  9201 | D:7      | 9201 ||| DROPPING scroll of poison.
  9210 | Temple   | Entered the Ecumenical Temple
  9210 | Temple   | Found a transporter.
  9210 | Temple   | Found a transporter.
  9212 | Temple   | Found a transporter.
  9212 | Temple   | Found a transporter.
  9222 | Temple   | 9222 ||| PLANNING D:1-11
  9231 | Temple   | Became a worshipper of Warmaster Okawaru
  9232 | Temple   | 9232 ||| REMOVING amulet of guardian spirit.
  9237 | Temple   | 9237 ||| DROPPING amulet of guardian spirit.
  9513 | D:7      | Identified the +0 scale mail of Atufogh {rPois}
  9544 | D:7      | 9544 ||| READING 2 scrolls of identify.
  9544 | D:7      | 9544 ||| IDENTIFYING sedimented grey potion
  9642 | D:8      | Reached skill level 1 in Throwing
  9906 | D:8      | Reached XP level 10. HP: 54/60 MP: 10/10
  9949 | D:8      | Reached skill level 9 in Axes
 10095 | D:8      | 10095 ||| Stepping ~*~*~tactically~*~*~ (stealth).
 10114 | D:8      | Found a white marble altar of Elyvilon.
 10114 | D:8      | Found a blossoming altar of Fedhas.
 10114 | D:8      | Found a sacrificial altar of Ru.
 10118 | D:8      | Found a bloodstained altar of Trog.
 10121 | D:8      | Found a shadowy altar of Dithmenos.
 10125 | D:8      | Found a snail-covered altar of Cheibriados.
 10128 | D:8      | Found a sparkling altar of Nemelex Xobeh.
 10129 | D:8      | Found a burning altar of Makhleb.
 10442 | D:8      | Found a runed translucent door.
 10443 | D:8      | Noticed qw's ghost (novice GrBe)
 10614 | D:8      | 10614 ||| UPGRADING to +4 ring of slaying {mikee}.
 10615 | D:8      | 10615 ||| READING scroll labelled WIEN GIXEPLYR.
 10616 | D:8      | 10616 ||| DRINKING 2 bubbling amethyst potions.
 10616 | D:8      | Gained mutation: You expend magic power (3 MP) to
                  | strengthen your wands. [potion of mutation]
 10616 | D:8      | Gained mutation: You do not regenerate when monsters are
                  | visible. [potion of mutation]
 10616 | D:8      | Gained mutation: You are partially covered in iridescent
                  | scales. (AC +2) [potion of mutation]
 10617 | D:8      | 10617 ||| DRINKING potion of mutation.
 10617 | D:8      | Lost mutation: You do not regenerate when monsters are
                  | visible. [potion of mutation]
 10617 | D:8      | Lost mutation: You expend magic power (3 MP) to strengthen
                  | your wands. [potion of mutation]
 10617 | D:8      | Gained mutation: Your muscles are strong. (Str +4, Int/Dex
                  | -1) [potion of mutation]
 10617 | D:8      | Gained mutation: You possess an exceptional clarity of
                  | mind. [potion of mutation]
 10695 | D:9      | 10695 ||| STAIRDANCE
 10742 | D:9      | 10742 ||| STAIRDANCE
 10790 | D:9      | 10790 ||| STAIRDANCE
 10893 | D:9      | 10893 ||| STAIRDANCE
 11010 | D:9      | Noticed Erica
 11011 | D:9      | 11011 ||| Stepping ~*~*~tactically~*~*~ (hiding).
 11013 | D:9      | 11013 ||| Stepping ~*~*~tactically~*~*~ (hiding).
 11015 | D:9      | 11015 ||| Stepping ~*~*~tactically~*~*~ (hiding).
 11031 | D:9      | HP: 12/61 [something (6)]
 11033 | D:9      | Killed from afar by Erica

Levels and vault maps discovered:
D:1:      dpeg_arrival_three_bigger_balls, layout_loops_corners,
          ebering_ecumenical_altar_petrified, columned_hall_lemuel
D:2:      layout_loops_corners, minmay_between, uniq_robin
D:3:      layout_loops_corners, serial_shops, nicolae_shop_hallway_plus,
          uniq_jessica
D:4:      layout_basic, ebering_ghost_reflecting_pool, serial_shops,
          nicolae_shop_temple_entry_statues_fountains, uniq_edmund
D:5:      layout_gridville, chequers_serial_rivers_micro_c, st_stairs_3,
          minmay_shop_grid_forest
D:6:      layout_basic, mainiacjoe_overflow_paths, minmay_manual_monstrance
D:7:      layout_loops_cross, minmay_temple_entry_glass, minmay_shop_chei
D:8:      layout_basic, nicolae_overflow_hallway_of_the_gods,
          ebering_ghost_inner_flame, serial_park_tiny_pond
D:9:      kennysheep_spiral_hall, layout_loops_ring, enter_bailey_8, uniq_erica
Temple:   hellmonk_temple_divided_pantheon

Skill      XL: |  1  2  3  4  5  6  7  8  9 10 |
---------------+-------------------------------+-----
Axes           | 3 4 5 7 8 9 |  9.0
Armour         | 1 2 3 4 5 |  5.3
Shields        | 2 4 5 7 8 |  8.0
Fighting       | 4 5 6 |  6.5
Throwing       | 2 |  2.2
Dodging        | |  1.5
Stealth        | |  5.4

Action                   |  1- 3 |  4- 6 |  7- 9 | 10-12 || total
-------------------------+-------+-------+-------+-------++-------
Melee: Hand axe          |    30 |   293 |   150 |       ||   473
       War axe           |       |       |   288 |    68 ||   356
Throw: Javelin           |       |       |     4 |     7 ||    11
  Use: Scroll            |       |     4 |     9 |     1 ||    14
       Potion            |       |     1 |     5 |     2 ||     8
Armor: Leather armour    |     9 |     4 |       |       ||    13
       Chain mail        |       |   191 |   227 |    52 ||   470
Dodge: Dodged            |    20 |    91 |    72 |    12 ||   195
Block: Kite shield       |       |    55 |   187 |    31 ||   273

Table legend:
 A = Non-vault XP
 B = Vault XP
 C = Vault XP percentage of total XP
 D = Non-vault monster count
 E = Vault monster count
 F = Vault count percentage of total count
                 A         B        C        D         E       F
            +---------+---------+-------+---------+---------+-------
      Total |    4618 |     824 |  15.1 |     133 |      21 |  13.6
            +---------+---------+-------+---------+---------+-------
        D:1 |      29 |       0 |   0.0 |      15 |       0 |   0.0
        D:2 |      42 |      33 |  44.0 |      17 |      11 |  39.3
        D:3 |      79 |      37 |  31.9 |      16 |       1 |   5.9
        D:4 |     645 |     149 |  18.8 |      21 |       1 |   4.5
        D:5 |     780 |      40 |   4.9 |      15 |       2 |  11.8
        D:6 |    1103 |     565 |  33.9 |      13 |       6 |  31.6
        D:7 |     733 |       0 |   0.0 |      19 |       0 |   0.0
        D:8 |    1144 |       0 |   0.0 |      16 |       0 |   0.0
        D:9 |      63 |       0 |   0.0 |       1 |       0 |   0.0
            +---------+---------+-------+---------+---------+-------
